 Dungeon Crawl Stone Soup version 0.29-a0-757-g358383bc75 (webtiles) character file.

Game seed: 7531740203152175464

218 Mesmaeker13 the Ruffian (level 5, -4/47 HPs)
             Began as a Ghoul Monk on June 30, 2022.
             Splashed by a jelly's acid (7 damage)
             ... on level 4 of the Dungeon.
             The game lasted 00:03:41 (3911 turns).

Mesmaeker13 the Ruffian (Ghoul Monk)                Turns: 3911, Time: 00:03:42

Health: -4/47      AC: -9    Str: 17    XL:     5   Next: 95%
Magic:  4/4        EV: 13    Int:  5    God:
Gold:   122        SH:  0    Dex: 11    Spells: 4/4 levels left

rFire   . . .      SeeInvis .     - Unarmed
rCold   + . .      Faith    .   (no shield)
rNeg    + + +      Spirit   .   a - +0 robe
rPois   ∞          Reflect  .   (no helmet)
rElec   .          Harm     .   (no cloak)
rCorr   .          Rampage  .   (no gloves)
Will    .....                   m - +0 pair of boots
Stlth   ++........              (no amulet)
HPRegen 0.00/turn               (no ring)
MPRegen 0.09/turn               (no ring)

@: corroded, inhibited regen
A: claws 1, cold resistance 1, negative energy resistance 3, inhibited
regeneration, torment resistance 2, devour on kill
a: no special abilities


You were on level 4 of the Dungeon.
You visited 1 branch of the dungeon, and saw 4 of its levels.

You collected 122 gold pieces.

Inventory:

Hand Weapons
 q - a +1 mace of draining
Missiles
 s - 8 poisoned darts (quivered)
Armour
 a - a +0 robe (worn)
 m - a +0 pair of boots (worn)
 u - a +0 tower shield
Scrolls
 f - a scroll of poison {unknown}
 g - a scroll of brand weapon
 h - a scroll of torment {unknown}
 j - a scroll of teleportation
 k - 2 scrolls of vulnerability {unknown}
 p - 2 scrolls of fog {unknown}
 r - a scroll of summoning {unknown}
 t - a scroll of noise {unknown}
 v - a scroll of identify
 w - a scroll of enchant weapon {unknown}
 x - a scroll of magic mapping {unknown}
Potions
 b - a potion of ambrosia
 c - a potion of flight
 d - a potion of magic {unknown}
 e - a potion of mutation
 i - a potion of attraction {unknown}
 l - a potion of heal wounds {unknown}
 n - a potion of haste {unknown}
 o - 2 potions of berserk rage {unknown}


   Skills:
 + Level 4.8 Fighting
 + Level 4.0 Dodging
 - Level 2.1 Stealth
 + Level 4.8 Unarmed Combat


You had 4 spell levels left.
You didn't know any spells.
Your spell library contained the following spells:

 Spells                   Type           Power      Damage    Failure   Level
 Apportation              Tloc           0%         N/A       47%         1
 Necrotize                Necr           0%         1d4       47%         1
 Summon Small Mammal      Summ           0%         N/A       47%         1


Dungeon Overview and Level Annotations

Branches:
Dungeon (4/15)
 Temple: D:4-7

Altars:


Innate Abilities, Weirdness & Mutations

You are immune to poison.
You have sharp fingernails.
Your flesh is cold resistant. (rC+)
You are immune to negative energy. (rN+++)
You do not regenerate when monsters are visible.
You are immune to unholy pain and torment.
You thrive by killing the living.


Message History

You closely miss the gnoll. The gnoll closely misses you.
You claw the gnoll!
The gnoll is severely wounded.
The gnoll hits you with a +0 flail!
You scratch the gnoll.
The gnoll is almost dead.
The gnoll closely misses you.
You claw the gnoll!
You kill the gnoll!
You see here a +0 flail.
You start resting.
HP restored.
There is a stone staircase leading down here.
You climb downwards.
There is a stone staircase leading up here.
The jelly quivers.
You scratch the jelly.
Your claws burn!
The jelly is lightly wounded.
The jelly barely misses you.
You scratch the jelly.
Your claws burn!
The jelly is moderately wounded.
The jelly misses you.
You scratch the jelly.
Your claws burn!
The jelly is heavily wounded.
The jelly hits you. The acid corrodes you!
You are splashed with acid!
You scratch the jelly but do no damage. The acid corrodes you!
Your claws burn!
The jelly is heavily wounded.
The jelly misses you.
You are too injured to fight recklessly!
You claw the jelly!
Your claws burn!
The jelly is almost dead.
The jelly hits you. The acid corrodes you!
You are splashed with acid!
* * * LOW HITPOINT WARNING * * *
You scratch the jelly but do no damage. The acid corrodes you!
Your claws burn!
* * * LOW HITPOINT WARNING * * *
The jelly is almost dead.
The jelly hits you.
* * * LOW HITPOINT WARNING * * *
You are splashed with acid!
You die...

# .# .# #######.##
#........# #........#
#....@...# #.......
#....J...# #......
####.#.#......#..#####
#.#.#.#####........
#..................
#.....#............
#.......r#.........
#.....#..#.........
#.#.#†##.........


You could see a jelly.

Vanquished Creatures
  A howler monkey (D:4)
  8 gnolls
  3 adders (D:3)
  2 worms
  A dart slug (D:1)
  An orc (D:3)
  7 endoplasms
  A giant cockroach (D:3)
  9 goblins
  5 hobgoblins
  2 jackals (D:3)
  6 kobolds
  8 ball pythons
  3 bats (D:2)
  2 frilled lizards
  7 rats
66 creatures vanquished.

Notes
Turn   | Place    | Note
-------+----------+-------------------------------------------
     0 | D:1      | Mesmaeker13 the Ghoul Monk began the quest for the Orb.
     0 | D:1      | Reached XP level 1. HP: 19/19 MP: 0/0
   276 | D:1      | Reached XP level 2. HP: 26/26 MP: 1/1
   367 | D:1      | Found a faded altar of an unknown god.
   603 | D:1      | Reached XP level 3. HP: 33/33 MP: 2/2
  1751 | D:3      | Reached XP level 4. HP: 37/40 MP: 3/3
  2576 | D:3      | Reached XP level 5. HP: 35/47 MP: 4/4
  3732 | D:4      | Noticed a black bear
  3911 | D:4      | Splashed by a jelly's acid

Illustrated notes

Levels and vault maps discovered:
D:1:      onia_arrival_pentagram, layout_loops_ring,
          ebering_ecumenical_altar_mist, minmay_strange_pillars
D:2:      layout_basic
D:3:      layout_basic
D:4:      layout_rooms, mainiacjoe_overflow_surrounded_room, vehumet_crystals

Skill      XL: |  1  2  3  4  5 |
---------------+----------------+-----
Dodging        | 3 4 |  4.0
Fighting       | 4 |  4.8
Unarmed Combat | 4 |  4.8
Stealth        | |  2.1

Action                   |  1- 3 |  4- 6 || total
-------------------------+-------+-------++-------
Melee: Unarmed           |    95 |   117 ||   212
       Punch             |       |     3 ||     3
Throw: Dart              |       |     2 ||     2
       Throwing net      |       |     1 ||     1
  Use: Scroll            |       |     4 ||     4
 Stab: Sleeping          |     4 |     2 ||     6
       Held in net/web   |       |     1 ||     1
Armor: Robe              |     9 |    16 ||    25
Dodge: Dodged            |    44 |    67 ||   111

Table legend: (Time is in decaauts)
 A = Elapsed time spent in this place.
 B = Non-inter-level travel time spent in this place.
 C = Inter-level travel time spent in this place.
 D = Time resting spent in this place.
 E = Time spent auto-exploring this place.
 F = Levels seen in this place.
 G = Mean time per level.
                   A        B        C        D        E       F      G
               +--------+--------+--------+--------+--------+-----+--------+
         Total |   3895 |   3617 |    278 |    660 |   2382 |   4 |  973.8 |
       Dungeon |   3895 |   3617 |    278 |    660 |   2382 |   4 |  973.8 |
               +--------+--------+--------+--------+--------+-----+--------+

Top non-repeatable levels by time:
     D:3: 2021 daAuts
     D:1: 997 daAuts
     D:2: 801 daAuts
     D:4: 76 daAuts
